 Dungeon Crawl Stone Soup version 0.19.5 (webtiles) character file.

37 sveltemanboy the Slasher (level 3, -1/29 HPs)
             Began as a Demonspawn Gladiator on Mar 24, 2017.
             Slain by a gnoll sergeant
             ... wielding a +0 spear
              (7 damage)
             ... on level 3 of the Dungeon.
             The game lasted 00:03:44 (1585 turns).

sveltemanboy the Slasher (Demonspawn Gladiator)     Turns: 1585, Time: 00:03:45

Health: -1/29      AC:  6    Str: 13    XL:     3   Next: 23%
Magic:  3/3        EV: 11    Int: 10    God:
Gold:   161        SH:  0    Dex: 13    Spells: 0 memorised, 2 levels left

rFire  . . .     SeeInvis .     a - +1 long sword
rCold  . . .     Gourm    .     s - +0 ring mail
rNeg   . . .     Faith    .     (no shield)
rPois  .         Spirit   .     c - +0 helmet
rElec  .         Reflect  .     (no cloak)
rCorr  .         Harm     .     (no gloves)
MR     .....                    (no boots)
Stlth  ..........               (no amulet)
                                (no ring)
                                r - ring of loudness (curse)

@: no status effects
A: talons 1, robust 1, weak 1, MP-powered wands
a: no special abilities


You were on level 3 of the Dungeon.
You were very hungry.

You visited 1 branch of the dungeon, and saw 3 of its levels.

You collected 161 gold pieces.

Inventory:

Hand Weapons
 a - a +1 long sword (weapon)
Armour
 c - a +0 helmet (worn)
 s - a +0 ring mail (worn)
Jewellery
 r - a cursed ring of loudness (left hand)
Scrolls
 b - a scroll of fog
 i - 2 scrolls of magic mapping
 t - 2 scrolls of teleportation
Potions
 h - a potion of curing
 j - a potion of cancellation {unknown}
 k - a potion of resistance {unknown}
 l - a potion of brilliance {unknown}
 m - a potion of flight {unknown}
 o - 2 potions of heal wounds {unknown}
 q - a potion of berserk rage {unknown}
Books
 p - a book of Maledictions

   Spells                             Type                      Level
   a - Corona                         Hexes                        1
   b - Ensorcelled Hibernation        Hexes/Ice                    2
   c - Confuse                        Hexes                        3
   d - Tukima's Dance                 Hexes                        3
   e - Dazzling Spray                 Conjuration/Hexes            3
Comestibles
 f - 3 bread rations
 g - a meat ration
 n - 3 fruits
 v - a chunk of flesh


   Skills:
 - Level 2.0 Fighting
 * Level 3.5 Long Blades
 - Level 1.7 Throwing
 + Level 1.4 Armour
 - Level 2.6 Dodging


You had 2 spell levels left.
You didn't know any spells.

Dungeon Overview and Level Annotations

Branches:
Dungeon (3/15)

Altars:
Makhleb
Nemelex Xobeh
Okawaru


Innate Abilities, Weirdness & Mutations

You have sharp toenails.
You are robust. (+10% HP)
You are weak. (Str -2)
You expend magic power (3 MP) to strengthen your wands.


Message History

The gnoll sergeant hits you with a spear.
It was a potion of ambrosia.
You are confused.
You feel invigorated.
The gnoll sergeant hits you with a spear!
You bump into the rock wall.
The gnoll sergeant closely misses you.
You bump into the rock wall.
The gnoll sergeant hits you with a spear!
You bump into the rock wall.
You feel less invigorated.
You feel less confused.
The gnoll sergeant hits you but does no damage.
You hit the gnoll sergeant. Your kick misses the gnoll sergeant.
The gnoll sergeant is heavily wounded.
The gnoll sergeant hits you with a spear.
You hit the gnoll sergeant.
The gnoll sergeant is heavily wounded.
The gnoll sergeant hits you with a spear!
* * * LOW HITPOINT WARNING * * *
The gnoll sergeant hits you with a spear!
You die...

..........#####..#
.........(.......#
..........######.#
..........# #.#
....####### #.#
....# #.# ....#
#.# .... #.# #####
#@# ## .... #g# ..
... #.# ♣.♣.#?.
#.# ..... #.#
♣.♣.♣..###.#
._....g...(#
♣.♣.♣.####(# ..
#.#


You could see a gnoll sergeant.

Vanquished Creatures
  A gnoll (D:3)
  A worm (D:2)
  A leopard gecko (D:2)
  2 bats
  3 giant cockroaches (D:1)
  2 goblins
  3 hobgoblins
  A kobold (D:2)
  A quokka (D:3)
  3 frilled lizards
  6 rats
24 creatures vanquished.

Notes
Turn   | Place    | Note
-------+----------+-------------------------------------------
     0 | D:1      | sveltemanboy the Demonspawn Gladiator began the quest for the Orb.
     0 | D:1      | Reached XP level 1. HP: 16/16 MP: 1/1
   183 | D:1      | Reached skill level 3 in Long Blades
   587 | D:1      | Gained mutation: You have sharp toenails. [demonic ancestry]
   587 | D:1      | Reached XP level 2. HP: 22/22 MP: 2/2
   753 | D:2      | Reached skill level 1 in Armour
   854 | D:2      | Gained mutation: You are weak. (Str -2) [potion of mutation]
   854 | D:2      | Gained mutation: You expend magic power (3 MP) to strengthen your wands. [potion of mutation]
   854 | D:2      | Gained mutation: You are robust. (+10% HP) [potion of mutation]
   868 | D:2      | Found a sparkling altar of Nemelex Xobeh.
  1370 | D:3      | Reached XP level 3. HP: 18/29 MP: 3/3
  1406 | D:3      | Found a burning altar of Makhleb.
  1545 | D:3      | Found an iron altar of Okawaru.
  1554 | D:3      | Noticed a gnoll sergeant
  1585 | D:3      | Slain by a gnoll sergeant

Skill      XL: |  1  2 |
---------------+-------+-----
Long Blades    | 3 |  3.5
Armour         | 1 |  1.4
Fighting       | |  2.0
Throwing       | |  1.7
Dodging        | |  2.6

Action                   || total
-------------------------++-------
Melee: Long sword        ||    81
       Kick              ||    20
Throw: Throwing net      ||     5
  Use: Scroll            ||     5
       Potion            ||     4
 Stab: Held in net/web   ||     3
  Eat: Fruit             ||     1
Armor: Leather armour    ||    11
       Ring mail         ||     9
Dodge: Dodged            ||    59
       Rpst.: Long sword ||    21
